 Dungeon Crawl Stone Soup version 0.21-a0-630-g344d351 (webtiles) character file.

1261 KristoblXynda the Infuser (level 8, 0/37 HPs)
             Began as a Spriggan Skald on Dec 25, 2017.
             Killed from afar by an orc wizard (8 damage)
             ... with a magic dart
             ... on level 6 of the Dungeon.
             The game lasted 00:17:46 (7372 turns).

KristoblXynda the Infuser (Spriggan Skald)          Turns: 7372, Time: 00:17:47

Health: 0/37       AC:  4    Str:  8    XL:     8   Next: 27%
Magic:  6/17       EV: 20    Int: 15    God:
Gold:   410        SH:  0    Dex: 16    Spells: 11/18 levels left

rFire    . . .     SeeInvis +   i - +1 dagger (flame)
rCold    . . .     Gourm    .   (shield restricted)
rNeg     . . .     Faith    .   b - +0 robe
rPois    .         Spirit   .   (helmet restricted)
rElec    .         Reflect  .   j - +1 cloak
rCorr    .         Harm     .   (gloves unavailable)
MR       +....                  (boots unavailable)
Stlth    +++++.....             (no amulet)
HPRegen  1.12/turn              l - ring of stealth
MPRegen  0.15/turn              (no ring)

@: regenerating, very quick
A: very small, unfitting armour, see invisible, herbivore, speed 3, slow
metabolism 2
a: no special abilities


You were on level 6 of the Dungeon.
You were hungry.

You visited 1 branch of the dungeon, and saw 6 of its levels.
You also visited: Ossuary.

You collected 410 gold pieces.

Inventory:

Hand Weapons
 i - a +1 dagger of flaming (weapon)
 v - a +0 dagger of electrocution
Armour
 b - a +0 robe (worn)
 j - a +1 cloak (worn)
Jewellery
 l - a ring of stealth (left hand)
Wands
 e - a wand of enslavement (6)
 m - a wand of digging (10)
 y - a wand of polymorph (14)
Scrolls
 a - 2 scrolls of enchant armour
 f - 2 scrolls of amnesia
 g - 2 scrolls of teleportation
 h - 4 scrolls of remove curse
 o - a scroll of fog
 q - a scroll of magic mapping
Potions
 n - a potion of magic
 p - 2 potions of lignification
 r - 5 potions of curing
 s - 2 potions of agility
 t - a potion of might {unknown}
 u - a potion of brilliance
 w - a potion of haste {unknown}
 x - a potion of invisibility
 z - 2 potions of mutation {unknown}
 B - 2 potions of cancellation {unknown}
Books
 c - a book of Battle

   Spells                             Type                      Level
   a - Infusion                       Charms                       1
   b - Shroud of Golubria             Charms/Translocation         2
   c - Song of Slaying                Charms                       2
   d - Spectral Weapon                Hexes/Charms                 3
   e - Regeneration                   Charms/Necromancy            3
 k - a Young Poisoner's Handbook

   Spells                             Type                      Level
   a - Sting                          Conjuration/Poison           1
   b - Poisonous Vapours              Poison/Air                   2
   c - Mephitic Cloud                 Conjuration/Poison/Air       3
   d - Olgreb's Toxic Radiance        Poison                       4
   e - Venom Bolt                     Conjuration/Poison           5
Comestibles
 d - 8 rations


   Skills:
 - Level 1.5 Fighting
 + Level 6.0 Short Blades
 - Level 5.0 Dodging
 + Level 6.8 Stealth
 + Level 5.9 Spellcasting
 + Level 8.6 Charms


You had 11 spell levels left.
You knew the following spells:

 Your Spells              Type           Power        Failure   Level  Hunger
a - Infusion              Chrm           ####         1%          1    None
b - Regeneration          Chrm/Necr      ###.......   8%          3    ###....
c - Spectral Weapon       Hex/Chrm       ###.....     8%          3    ###....


Dungeon Overview and Level Annotations

Branches:
Dungeon (6/15)
 Temple: D:4-7

Altars:
Cheibriados
Okawaru
Xom

Annotations:
D:6 anet's ghost, novice DEWz


Innate Abilities, Weirdness & Mutations

You are very small and have problems with some larger weapons.
You are too small for most types of armour.
You have supernaturally acute eyesight. (SInv)
You are a herbivore.
You cover ground extremely quickly.
You need consume almost no food.


Message History

The orc wizard is almost dead.
The orc wizard casts a spell at you. The magic dart hits you!
You hit the orc wizard but do no damage.
The orc wizard is almost dead.
The orc wizard hits you with a dagger.
* * * LOW HITPOINT WARNING * * *
You hit the orc wizard but do no damage.
The orc wizard is almost dead.
The orc wizard hits you with a dagger.
* * * LOW HITPOINT WARNING * * *
Casting: Infusion
Confirm with . or Enter, or press ? or * to list all spells.
Okay, then.
Casting: Infusion
Confirm with . or Enter, or press ? or * to list all spells.
Your skin crawls.
The orc wizard closely misses you.
The orc wizard points at you and mumbles some strange words.
The magic dart hits you!
You die...

,,,*
##'#........,,*
****
#...........,,*
#..........#***
#..........#
#..........#
#..))......#
*****
####)#######
*,,,* #o# *,,,*
#@# *,,,* #)#
*,,,* #.# *,,,*
#.### *,,,*
#...## *,,,*
#....## *,,,*
#.....# ,,,,*
#.....# ,,,,*
#.....###########


You could see an orc wizard.

Vanquished Creatures
  A water moccasin (D:6)
  A hornet zombie (D:6)
  2 bullfrogs (D:6)
  4 scorpions (D:5)
  A crimson imp (D:5)
  A hound (D:6)
  A jelly (D:5)
  An orc priest (D:3)
  6 orc wizards
  2 worker ants (D:5)
  6 mummies (Ossuary)
  Robin (D:3)
  9 gnolls
  9 adders
  A shadow imp (D:6)
  3 oozes
  2 worms
  2 dart slugs
  3 leopard geckos
  25 orcs
  13 bats
  8 giant cockroaches
  2 gnoll zombies (Ossuary)
  16 goblins
  9 hobgoblins
  2 jackals (D:4)
  4 kobolds
  3 quokkas (D:2)
  6 frilled lizards
  A hobgoblin zombie (Ossuary)
  4 orc zombies (Ossuary)
  8 rats
157 creatures vanquished.

Vanquished Creatures (collateral kills)
  An orc (D:6)
1 creature vanquished.

Vanquished Creatures (others)
  An orc warrior (D:6)
  A centaur (D:6)
  2 bullfrogs (D:6)
  A scorpion (D:6)
  A worker ant (D:6)
  A big kobold zombie (Ossuary)
  2 mummies (Ossuary)
  6 fungi (D:5)
  A plant (D:5)
16 creatures vanquished.

Grand Total: 174 creatures vanquished

Notes
Turn   | Place    | Note
-------+----------+-------------------------------------------
     0 | D:1      | KristoblXynda the Spriggan Skald began the quest for the Orb.
     0 | D:1      | Reached XP level 1. HP: 10/10 MP: 5/5
   375 | D:1      | Reached XP level 2. HP: 14/14 MP: 6/6
   750 | D:1      | Reached skill level 5 in Charms
   785 | D:1      | Reached XP level 3. HP: 12/18 MP: 1/8
   816 | D:1      | Learned a level 3 spell: Regeneration
   820 | D:1      | Learned a level 3 spell: Spectral Weapon
  1362 | D:2      | Found a faded altar of an unknown god.
  1630 | D:2      | Reached XP level 4. HP: 16/22 MP: 4/9
  2152 | D:2      | Reached skill level 5 in Dodging
  2567 | D:3      | Reached skill level 1 in Stealth
  3061 | D:3      | Reached skill level 6 in Charms
  3061 | D:3      | Reached XP level 5. HP: 22/25 MP: 3/10
  3271 | D:3      | Found a snail-covered altar of Cheibriados.
  4029 | D:3      | Noticed Robin
  4257 | D:3      | HP: 1/25 [Robin/short sword (7)]
  4262 | D:3      | Killed Robin
  4262 | D:3      | Reached XP level 6. HP: 14/30 MP: 0/12
  4714 | D:4      | Found an iron altar of Okawaru.
  5071 | D:5      | Entered Level 5 of the Dungeon
  5492 | D:5      | Reached skill level 7 in Charms
  5748 | D:5      | Reached XP level 7. HP: 27/33 MP: 0/14
  5862 | D:5      | Reached skill level 5 in Short Blades
  5903 | D:5      | Reached skill level 5 in Stealth
  6528 | D:6      | Reached skill level 5 in Spellcasting
  6564 | D:6      | Found a shimmering altar of Xom.
  6564 | D:6      | Noticed anet's ghost (novice DEWz)
  6604 | D:6      | Found a sand-covered staircase.
  6609 | Ossuary  | Entered an ossuary
  6705 | Ossuary  | Reached skill level 8 in Charms
  7097 | D:6      | Reached XP level 8. HP: 32/37 MP: 11/17
  7372 | D:6      | Killed from afar by an orc wizard

Vault maps used:
D:1:      saegor_arrival_simple_b, minmay_pentomino_p2
D:2:      serial_co_window_serial, co_window_of_opportunity_a,
          co_window_paths_a, co_window_paths_a, co_window_of_opportunity_a,
          co_window_paths_a, co_window_of_opportunity_b, co_window_corner_b,
          co_window_paths_c, co_window_corner_b, co_window_4corner_b,
          glass_columns_a, glass_columns_b, glass_columns_b, glass_columns_a,
          chequers_ecumenical_altar_island
D:3:      lemuel_doored_altar, minmay_misc_feat_cross, uniq_robin
D:4:      first_ration, okawaru_ov_weapons_minmay
D:5:      old_forge
D:6:      nicolae_ossuary_entry_ruins, xom_confusion_cloud,
          uniq_crazy_yiuf_cottage
Ossuary:  ossuary_tomb_3

Skill      XL: |  1  2  3  4  5  6  7  8 |
---------------+-------------------------+-----
Dodging        | 4 5 |  5.0
Charms         | 5 6 7 8 |  8.6
Short Blades   | 3 4 5 6 |  6.0
Stealth        | 1 3 4 6 |  6.8
Spellcasting   | 3 4 5 |  5.9
Fighting       | |  1.5

Action                   |  1- 3 |  4- 6 |  7- 9 || total
-------------------------+-------+-------+-------++-------
Melee: Short sword       |    72 |       |       ||    72
       Dagger            |   125 |   424 |   163 ||   712
 Cast: Infusion          |     6 |    22 |     4 ||    32
       Regeneration      |       |     1 |     7 ||     8
Evoke: Wand              |       |       |     6 ||     6
  Use: Potion            |       |     4 |     3 ||     7
       Scroll            |       |    14 |     5 ||    19
 Stab: Sleeping          |     1 |     4 |     1 ||     6
       Held in net/web   |       |     1 |     1 ||     2
       Distracted        |       |       |     1 ||     1
  Eat: Ration            |       |     2 |     1 ||     3
Armor: Robe              |    26 |    27 |     6 ||    59
       Skin              |       |       |    11 ||    11
Dodge: Dodged            |   177 |   327 |    86 ||   590

Table legend:
 A = Spawn XP
 B = Non-spawn XP
 C = Spawn XP percentage of total XP
 D = Spawn monster count
 E = Non-spawn monster count
 F = Spawn count percentage of total count
 G = Total turns spent on level
                    A         B        C        D         E        F      G
               +---------+---------+-------+---------+---------+-------+---------
         Total |       0 |    1802 |   0.0 |       0 |     158 |   0.0 |  7372
               +---------+---------+-------+---------+---------+-------+---------
           D:1 |       0 |      45 |   0.0 |       0 |      22 |   0.0 |  1030
           D:2 |       0 |     113 |   0.0 |       0 |      27 |   0.0 |  1403
           D:3 |       0 |     229 |   0.0 |       0 |      36 |   0.0 |  2058
           D:4 |       0 |      63 |   0.0 |       0 |      13 |   0.0 |   620
           D:5 |       0 |     560 |   0.0 |       0 |      24 |   0.0 |  1383
           D:6 |       0 |     686 |   0.0 |       0 |      23 |   0.0 |   556
       Ossuary |       0 |     106 |   0.0 |       0 |      13 |   0.0 |   322
               +---------+---------+-------+---------+---------+-------+---------
